 Dungeon Crawl Stone Soup version 0.27-a0-1230-gfc7c993222 (webtiles) character file.

Game seed: 13184317206220387691

439 Delamore the Poker (level 7, -2/43 (56) HPs)
             Began as a Formicid Fighter on June 8, 2021.
             Was an Initiate of Gozag.
             Slain by Duvessa
             ... wielding a +2 short sword of draining
              (5 damage)
             ... on level 4 of the Dungeon.
             The game lasted 00:03:41 (3727 turns).

Delamore the Poker (Formicid Fighter)               Turns: 3727, Time: 00:03:42

HP:   -2/43 (56)    AC: 12    Str: 29    XL:     7   Next: 22%
MP:   7/7           EV:  5    Int:  7    God:    Gozag
Gold: 483           SH: 11    Dex: 10    Spells: 6/6 levels left

rFire    . . .     SeeInvis +   a - +0 trident
rCold    . . .     Faith    .   c - +1 kite shield
rNeg     . . .     Spirit   .   g - +0 plate armour
rPois    .         Reflect  .   (helmet unavailable)
rElec    .         Harm     .   (no cloak)
rCorr    .         Rampage  .   (no gloves)
Will     .....                  (no boots)
Stlth    ..........             e - amulet of the acrobat
HPRegen  0.14/turn              h - +6 ring of strength
MPRegen  0.10/turn              (no ring)

@: heavily drained
A: permanent stasis, dig shafts and tunnels, antennae 3, four strong arms,
talons 2, no potion heal 1
a: Dig, Shaft Self, Renounce Religion, Potion Petition, Call Merchant, Bribe
Branch


You were on level 4 of the Dungeon.
You worshipped Gozag.
Gozag was aware of your devotion.
You visited 1 branch of the dungeon, and saw 4 of its levels.

You collected 483 gold pieces.

Inventory:

Hand Weapons
 a - a +0 trident (weapon)
Missiles
 k - 8 poisoned darts (quivered)
Armour
 b - a +0 scale mail
 c - a +1 kite shield (worn)
 g - a +0 plate armour (worn)
Jewellery
 e - an amulet of the acrobat (around neck)
 f - a ring of magical power
 h - a +6 ring of strength (left hand)
Scrolls
 l - 6 scrolls of teleportation
 p - a scroll of enchant weapon {unknown}
 q - a scroll of identify
 s - a scroll of magic mapping {unknown}
 t - a scroll of summoning {unknown}
Potions
 d - 3 potions of might
 i - 2 potions of magic {unknown}
 j - a potion of lignification {unknown}
 m - 3 potions of curing
 n - a potion of ambrosia {unknown}
 o - a potion of haste {unknown}
 r - a potion of heal wounds {unknown}


   Skills:
 - Level 5.0 Fighting
 * Level 5.3 Polearms
 + Level 5.1 Armour
 - Level 3.6 Shields


You had 6 spell levels left.
You didn't know any spells.
Your spell library was empty.

Dungeon Overview and Level Annotations

Branches:
Dungeon (4/15)
 Temple: D:4-7

Altars:
Fedhas
Gozag
Makhleb
Okawaru
Qazlal
Zin

Annotations:
D:4 Duvessa


Innate Abilities, Weirdness & Mutations

You cannot be hasted, slowed, berserked, paralysed or teleported.
You can dig through walls and to a lower floor.
You have a pair of large antennae on your head. (SInv)
Your four strong arms can wield two-handed weapons with a shield.
You have razor-sharp toenails.
Potions are less effective at restoring your health.


Message History

Duvessa hits you with a +2 short sword of draining.
You feel drained.
Duvessa hits you with a +2 short sword of draining!
You feel drained.
Your shield and plate armour prevent you from hitting Duvessa.
Your kick misses Duvessa.
Duvessa is lightly wounded.
You block Duvessa's attack. Duvessa completely misses you.
Your shield prevents you from hitting Duvessa.
You claw Duvessa, but do no damage.
Duvessa is lightly wounded.
You block Duvessa's attack.
Duvessa hits you with a +2 short sword of draining.
You feel drained.
You puncture Duvessa! You claw Duvessa, but do no damage.
Duvessa is moderately wounded.
Duvessa hits you with a +2 short sword of draining.
You feel drained. You block Duvessa's attack.
You hit Duvessa.
Duvessa is heavily wounded.
Duvessa hits you with a +2 short sword of draining!
You feel drained.
You puncture Duvessa! You claw Duvessa.
Duvessa is severely wounded.
Duvessa hits you but does no damage.
You feel drained. You block Duvessa's attack.
You puncture Duvessa! Your kick misses Duvessa.
Duvessa is almost dead.
Duvessa barely misses you.
Duvessa hits you with a +2 short sword of draining!
You feel drained.
You are too injured to fight recklessly!
You are too injured to fight recklessly!
You puncture Duvessa! Your kick misses Duvessa.
Duvessa is almost dead.
Duvessa hits you with a +2 short sword of draining!
* * * LOW HITPOINT WARNING * * *
You feel drained.
You die...
Your body crumbles into a pile of gold.

## #'## .##..# {
..#..+ { .#..# {{{
#... {{ {{ ..##
####
##e.#######..######
#.@...#.....{{.e...
#.....#....{..oo...
##..###..##..##.###
##..###..##### #
#....'....#
###.#.#....#
#.._..##..##
#.#.####..# {
#......#..#


You could see Duvessa (berserk, very poisoned).

Vanquished Creatures
  A water moccasin (D:3)
  An ogre (D:4)
  Dowan (D:4)
  An iguana (D:2)
  An orc wizard (D:4)
  4 gnolls
  3 adders
  An adder skeleton (D:4)
  3 worms
  A dart slug (D:2)
  An orc (D:4)
  4 endoplasms
  2 giant cockroaches
  7 goblins
  6 hobgoblins
  8 jackals
  5 kobolds
  7 quokkas
  10 ball pythons
  5 bats (D:1)
  4 frilled lizards
  4 rats
80 creatures vanquished.

Notes
Turn   | Place    | Note
-------+----------+-------------------------------------------
     0 | D:1      | Delamore the Formicid Fighter began the quest for the Orb.
     0 | D:1      | Reached XP level 1. HP: 18/18 MP: 1/1
   151 | D:1      | Reached XP level 2. HP: 23/24 MP: 2/2
   466 | D:1      | Reached XP level 3. HP: 12/30 MP: 3/3
   809 | D:1      | Found a faded altar of an unknown god.
   863 | D:1      | Became a worshipper of Gozag Ym Sagoz the Greedy
  1575 | D:2      | Reached XP level 4. HP: 37/37 MP: 4/4
  1620 | D:2      | Reached XP level 5. HP: 19/42 MP: 5/5
  2494 | D:3      | Found a burning altar of Makhleb.
  2494 | D:3      | Found an iron altar of Okawaru.
  2494 | D:3      | Found a stormy altar of Qazlal.
  2835 | D:3      | Gained mutation: You have sharp toenails. [potion of
                  | mutation]
  2835 | D:3      | Gained mutation: Potions are less effective at restoring
                  | your health. [potion of mutation]
  2835 | D:3      | Gained mutation: You have razor-sharp toenails. [potion of
                  | mutation]
  3109 | D:3      | Noticed a water moccasin
  3116 | D:3      | Killed a water moccasin
  3117 | D:3      | Reached XP level 6. HP: 33/49 MP: 6/6
  3485 | D:3      | Found a glowing silver altar of Zin.
  3537 | D:4      | Noticed an ogre
  3543 | D:4      | Killed an ogre
  3544 | D:4      | Reached skill level 5 in Polearms
  3550 | D:4      | Reached XP level 7. HP: 55/55 MP: 7/7
  3599 | D:4      | Noticed Dowan
  3637 | D:4      | Killed Dowan
  3638 | D:4      | Reached skill level 5 in Fighting
  3638 | D:4      | Reached skill level 5 in Armour
  3698 | D:4      | Found a blossoming altar of Fedhas.
  3715 | D:4      | Noticed Duvessa
  3727 | D:4      | Slain by Duvessa

Illustrated notes

Levels and vault maps discovered:
D:1:      elethiomel_arrival_infinity_welcomes_careful_drivers, layout_basic,
          hellmonk_ecumenical_altar_leap_of_faith, corner_web_ring,
          minmay_hexomino_f4
D:2:      layout_loops_corners, hangedman_decor_peaks_small, grunt_ministairs_1
D:3:      layout_loops_ring, zin_statuary, grunt_temple_overflow_open
D:4:      layout_gridville, lemuel_crystal_altar, lemuel_crystal_altar,
          minmay_lizard_king, uniq_duvessa, uniq_blork_the_orc, uniq_robin

Skill      XL: |  1  2  3  4  5  6  7 |
---------------+----------------------+-----
Polearms       | 3 4 5 |  5.3
Fighting       | 4 5 |  5.0
Armour         | 4 5 |  5.1
Shields        | |  3.6

Action                   |  1- 3 |  4- 6 |  7- 9 || total
-------------------------+-------+-------+-------++-------
Melee: Trident           |   116 |   150 |    15 ||   281
       Kick              |       |    16 |     6 ||    22
Throw: Dart              |       |       |     8 ||     8
  Use: Scroll            |     4 |     3 |       ||     7
       Potion            |       |     1 |       ||     1
 Stab: Distracted        |       |     1 |       ||     1
Armor: Plate armour      |    73 |    54 |     2 ||   129
       Scale mail        |     1 |       |       ||     1
Dodge: Dodged            |    19 |    20 |     2 ||    41
Block: Kite shield       |    57 |    72 |     7 ||   136

Table legend: (Time is in decaauts)
 A = Elapsed time spent in this place.
 B = Non-inter-level travel time spent in this place.
 C = Inter-level travel time spent in this place.
 D = Time resting spent in this place.
 E = Time spent auto-exploring this place.
 F = Levels seen in this place.
 G = Mean time per level.
                   A        B        C        D        E       F      G
               +--------+--------+--------+--------+--------+-----+--------+
         Total |   3814 |   3700 |    114 |    369 |   2615 |   4 |  953.5 |
       Dungeon |   3814 |   3700 |    114 |    369 |   2615 |   4 |  953.5 |
               +--------+--------+--------+--------+--------+-----+--------+

Top non-repeatable levels by time:
     D:1: 1441 daAuts
     D:2: 1116 daAuts
     D:3: 1048 daAuts
     D:4: 209 daAuts
